Map: Kairos Junction LE

Players

Freeman - Winner!

  • Race: Terran Terran
  • League: Silver
  • Spawn Location: 5:00

A.I. 1 (Very Easy)

  • Race: Protoss Protoss
  • Spawn Location: 11:00

VOD

Have the link to the VOD?

Description

Time

  • Played on: Nov. 25, 2018, 1:23 p.m.
  • Length: 17:33
Show
View Real Time Build Order
Export as new Build Order

Freeman Terran - Winner!

Build Orders: Reaper Expand 

Get SALT Encoding   

  6  0:00  SCV  
  13  0:12  SCV  
  14  0:17  Supply Depot  
  14  0:24  SCV  
  15  0:39  SCV, Refinery  
  16  0:44  Barracks  
  16  0:51  SCV  
  17  1:03  SCV  
  18  1:15  SCV  
  19  1:31  Reaper  
  19  1:32  Orbital Command  
  20  1:41  Command Center  
  20  1:53  Supply Depot  
  20  1:58  SCV  
  21  2:03  Marine  
  22  2:10  Factory  
  22  2:12  SCV  
  23  2:21  Marine  
  24  2:29  SCV, Engineering Bay  
  25  2:33  Refinery  
  25  2:39  Marine  
  26  2:51  SCV  
  28  3:02  Starport  
  27  3:10  SCV  
  28  3:13  Refinery  
  28  3:18  Bunker  
  28  3:20  Planetary Fortress  
  28  3:23  SCV  
  29  3:32  Refinery  
  29  3:35  SCV  
  29  3:36  Missile Turret  
  30  3:42  Factory Tech Lab  
  30  3:43  Starport Tech Lab  
  30  3:47  SCV, Missile Turret  
  31  3:52  Fusion Core  
  31  3:59  SCV  
  31  4:01  SCV  
  33  4:06  Siege Tank  
  36  4:12  SCV  
  37  4:20  SCV  
  37  4:21  Supply Depot  
  38  4:24  SCV  
  39  4:32  SCV  
  39  4:36  SCV  
  41  4:44  SCV  
  42  4:48  Missile Turret  
  42  4:50  Battlecruiser  
  48  4:58  Armory  
  48  4:59  SCV  
  49  5:03  SCV  
  50  5:08  Supply Depot  
  50  5:11  SCV  
  51  5:17  Missile Turret  
  51  5:18  SCV  
  52  5:26  SCV  
  53  5:30  SCV  
  54  5:38  Supply Depot  
  54  5:51  Weapon Refit  
  54  5:54  Armory, Battlecruiser  
  60  6:02  Terran Vehicle And Ship Armor Level 1  
  60  6:03  SCV  
  62  6:04  SCV  
  62  6:16  Supply Depot  
  62  6:31  Command Center  
  62  6:33  SCV  
  62  6:34  SCV  
  62  6:39  Supply Depot  
  64  6:54  SCV  
  64  6:58  Starport  
  64  6:59  Battlecruiser  
  71  7:13  Starport  
  71  7:23  Terran Ship Weapons Level 1  
  71  7:28  SCV  
  72  7:39  Starport Tech Lab  
  72  7:43  Command Center  
  72  8:03  Battlecruiser  
  78  8:12  Starport Tech Lab  
  78  8:15  Missile Turret  
  78  8:21  Missile Turret  
  78  8:35  Battlecruiser  
  78  8:36  Missile Turret, Battlecruiser  
  78  8:39  Supply Depot, Sensor Tower  
  90  8:47  SCV  
  91  8:53  Planetary Fortress  
  91  8:55  SCV  
  92  8:57  Missile Turret  
  92  8:59  SCV, Orbital Command  
  93  9:08  Supply Depot  
  93  9:09  Missile Turret  
  93  9:10  Command Center  
  93  9:21  Starport  
  93  9:27  Refinery  
  93  9:28  SCV, Refinery  
  93  9:29  SCV  
  95  9:38  Missile Turret  
  95  9:41  Battlecruiser  
  95  9:43  Terran Vehicle And Ship Armor Level 2  
  101  9:50  Command Center  
  101  10:05  Supply Depot  
  101  10:09  Missile Turret  
  101  10:28  Sensor Tower, Orbital Command  
  101  10:32  Supply Depot  
  101  10:42  Command Center  
  101  10:44  SCV x2  
  101  11:02  Refinery, Missile Turret  
  101  11:05  Supply Depot  
  101  11:15  SCV x2  
  101  11:20  Battlecruiser x2  
  101  11:21  Battlecruiser  
  101  11:22  Missile Turret  
  101  11:24  Starport Tech Lab  
  101  11:26  Refinery  
  101  11:31  Terran Ship Weapons Level 2  
  101  11:38  Supply Depot  
  101  11:40  Planetary Fortress  
  101  11:43  Missile Turret  
  101  11:44  SCV x3  
  101  11:51  Battlecruiser  
  101  11:55  Orbital Command  
  101  12:00  Supply Depot  
  101  12:05  Command Center, Sensor Tower  
  101  12:24  Battlecruiser  
  101  12:32  Command Center, Supply Depot  
  101  12:36  Terran Vehicle And Ship Armor Level 3  
  101  12:40  Hi-Sec Auto Tracking  
  101  12:48  Refinery  
  101  12:56  Supply Depot  
  101  13:14  Refinery  
  101  13:31  Supply Depot  
  101  13:37  Neosteel Armor  
  101  13:40  Orbital Command  
  101  13:41  Missile Turret  
  101  13:46  Command Center  
  101  13:47  Missile Turret  
  101  13:49  Planetary Fortress  
  101  14:02  Missile Turret  
  101  14:11  Battlecruiser  
  101  14:12  Battlecruiser x3  
  101  14:22  Sensor Tower  
  101  14:36  Command Center  
  101  14:54  Refinery  
  101  15:00  Orbital Command  
  101  15:08  Command Center  
  101  15:16  Battlecruiser x3  
  101  15:17  Battlecruiser  
  101  15:19  Refinery  
  101  15:36  Starport  
  101  15:45  Missile Turret  
  101  15:49  Missile Turret  
  101  16:07  Missile Turret  
  101  16:18  Starport Tech Lab, Barracks Tech Lab  
  101  16:20  Battlecruiser x2  
  101  16:26  Sensor Tower  
  101  16:31  Planetary Fortress  
  101  16:47  Orbital Command  
  101  16:53  Command Center  
  101  17:09  Command Center  
  101  17:11  Ghost Academy  
  101  17:12  Ghost Academy  
  101  17:17  Ghost Academy  
  101  17:20  Missile Turret  
  101  17:26  Ghost Academy  
Show
View Real Time Build Order
Export as new Build Order

A.I. 1 (Very Easy) Protoss 

Build Orders: 1 Gate Expand, Nexus First 

Get SALT Encoding   

  6  0:00  Probe  
  13  0:13  Probe  
  14  0:20  Pylon  
  14  0:42  Gateway  
  14  1:00  Nexus  
  14  1:20  Pylon  
  14  1:21  Zealot  
  14  1:23  Assimilator  
  16  1:37  Cybernetics Core  
  16  1:38  Probe  
  17  1:50  Probe  
  18  2:00  Probe, Assimilator  
  18  2:08  Probe  
  19  2:14  Probe  
  19  2:15  Stalker  
  22  2:16  Warp Gate  
  23  2:23  Probe  
  23  2:27  Probe  
  25  2:38  Probe  
  26  2:50  Probe  
  27  2:52  Assimilator  
  27  2:57  Pylon  
  27  2:58  Probe  
  28  3:05  Probe  
  29  3:09  Probe  
  30  3:18  Robotics Facility  
  30  3:19  Probe  
  31  3:31  Zealot  
  31  3:32  Probe  
  34  3:40  Probe  
  35  3:47  Probe  
  36  3:55  Probe  
  37  4:02  Probe  
  38  4:07  Observer, Probe  
  40  4:16  Probe  
  41  4:19  Probe  
  42  4:24  Assimilator  
  42  4:28  Observer  
  42  4:30  Probe  
  44  4:38  Probe  
  45  4:41  Pylon  
  45  4:45  Probe  
  46  4:47  Stalker  
  46  4:52  Probe  
  49  4:59  Probe  
  50  7:02  Probe  
  48  7:13  Probe  
  48  7:14  Stalker  
  46  7:17  Probe  
  42  7:28  Probe  
  40  7:31  Pylon, Probe  
  35  7:42  Probe  
  35  7:43  Stalker  
  31  7:45  Probe  
  28  7:56  Probe  
  28  8:00  Probe  
  20  8:08  Probe  
  20  8:11  Zealot  
  14  8:17  Probe  
  8  8:21  Probe  
  6  8:28  Probe  
  4  8:39  Probe  
  4  8:40  Immortal  
  8  8:53  Probe  
  7  9:06  Probe  
  7  9:08  Stalker  
Tags
 
Add a new tag
Caveats
  • Supply blocks, unpowered buildings, or Contaminate may cause inaccurate times.
  • Supply counts are checked every 10 seconds.